 Dungeon Crawl Stone Soup version 0.27.1-3-gb3d3a73c9e (webtiles) character file.

Game seed: 16195610644313935933

92456 ZARRMARR the Destroyer (level 16, -20/114 HPs)
             Began as an Octopode Conjurer on Oct 23, 2021.
             Was an Initiate of Gozag.
             Demolished by Donald (22 damage)
             ... on level 1 of the Spider Nest.
             The game lasted 03:03:31 (54839 turns).

ZARRMARR the Destroyer (Octopode Conjurer)         Turns: 54839, Time: 03:03:34

Health: -20/114    AC:  7    Str:  6    XL:     16   Next: 6%
Magic:  40/40      EV: 21    Int: 31    God:    Gozag
Gold:   2555       SH:  6    Dex: 12    Spells: 25/37 levels left

rFire    . . .     SeeInvis +   N - +9 long sword of Sloth {speed, rN++}
rCold    x . .     Faith    .   q - +3 warlock's mirror {reflect}
rNeg     + + +     Spirit   .   W - +2 hat
rPois    .         Reflect  +   Z - amulet "Nuimi" {RegenMP SInv}
rElec    .         Harm     .   (no ring)
rCorr    +         Rampage  .   D - ring of magical power
Will     +++..                  Q - +4 ring of evasion
Stlth    ++++......             T - ring of resist corrosion
HPRegen  0.29/turn              s - ring "Ciha" {rC- Will+ Int+5 Stlth+}
MPRegen  0.52/turn              M - ring of willpower
                                (no ring)
                                K - ring of Faobulou {rN+ AC+4}

@: lethally poisoned (-20 -> -64), studying Dodging
A: almost no armour, amphibious, 8 rings, camouflage 1, gelatinous body 1,
(nimble swimmer 1), tentacles
a: Renounce Religion, Potion Petition, Call Merchant, Bribe Branch


You were on level 1 of the Spider Nest.
You worshipped Gozag.
Gozag was most pleased with you.
You visited 6 branches of the dungeon, and saw 26 of its levels.
You also visited: Sewer and Ice Cave.

You collected 7097 gold pieces.
You spent 2251 gold pieces at shops.
You paid 2291 gold pieces to Gozag.

Inventory:

Hand Weapons
 k - the +2 morningstar of the Ageless Beasts {holy, rF+ Will- Str+2 Stlth+}
   (You found it on level 5 of the Lair of Beasts)

   It has been blessed by the Shining One to cause great damage to the undead
   and demons.
   Str:       It affects your strength (+2).
   rF:        It protects you from fire.
   Will:      It decreases your willpower.
   Stlth:     It makes you more stealthy.
 B - a +3 scimitar of flaming
 H - the +6 halberd of Urgency {vorpal, rPois Str+3}
   (You bought it in a shop on level 9 of the Dungeon)

   It inflicts extra damage upon your enemies.
   Str:       It affects your strength (+3).
   rPois:     It protects you from poison.
 N - the +9 long sword of Sloth (weapon) {speed, rN++}
   (You bought it in a shop on level 9 of the Dungeon)

   Attacks with this weapon are significantly faster.
   rN:        It greatly protects you from negative energy.
Missiles
 g - 13 curare-tipped darts
 G - 4 throwing nets
 R - 5 boomerangs of dispersal
Armour
 q - the +3 warlock's mirror (worn) {reflect}
   (You bought it in a shop on level 2 of the Orcish Mines)

   It can block and reflect piercing ranged attacks and magical attacks against
   the wielder's willpower.
 W - a +2 hat (worn)
Jewellery
 s - the ring "Ciha" (on tentacle) {rC- Will+ Int+5 Stlth+}
   (You found it on level 15 of the Dungeon)

   [ring of willpower]

   Int:       It affects your intelligence (+5).
   rC:        It makes you vulnerable to cold.
   Will:      It increases your willpower.
   Stlth:     It makes you more stealthy.
 D - a ring of magical power (right tentacle)
 K - the ring of Faobulou (on tentacle) {rN+ AC+4}
   (You bought it in a shop on level 2 of the Orcish Mines)

   [ring of protection]

   AC:        It affects your AC (+4).
   rN:        It protects you from negative energy.
 M - a ring of willpower (on tentacle)
 Q - a +4 ring of evasion (on tentacle)
 T - a ring of resist corrosion (on tentacle)
 X - a ring of ice
 Z - the amulet "Nuimi" (around mantle) {RegenMP SInv}
   (You bought it in a shop on level 2 of the Orcish Mines)

   [amulet of magic regeneration]

   It increases your rate of magic regeneration.
   SInv:      It lets you see invisible.
Wands
 y - a wand of digging (16)
 I - a wand of charming (14)
 P - a wand of iceblast (21)
Scrolls
 b - 3 scrolls of vulnerability
 v - 4 scrolls of immolation
 O - a scroll of silence
 S - 5 scrolls of teleportation
 U - 2 scrolls of blinking
Potions
 a - 2 potions of lignification
 c - 4 potions of brilliance
 e - 6 potions of might
 f - 5 potions of magic
 h - 2 potions of invisibility
 i - 6 potions of heal wounds
 j - 5 potions of haste
 m - 2 potions of resistance
 p - 3 potions of curing
 r - 2 potions of berserk rage
 w - 4 potions of attraction
 A - 3 potions of ambrosia
Miscellaneous
 J - a lightning rod (4/4)


   Skills:
 + Level 12.1 Fighting
 + Level 12.6 Dodging
 - Level 2.6 Stealth
 + Level 0.0 Shields
 + Level 11.4 Spellcasting
 + Level 12.6 Conjurations
 + Level 9.6 Translocations
 + Level 12.3 Evocations


You had 25 spell levels left.
You knew the following spells:

 Your Spells              Type           Power      Damage    Failure   Level
a - Magic Dart            Conj           100%       1d8       1%          1
b - Searing Ray           Conj           100%       3d7       1%          2
c - Apportation           Tloc           100%       N/A       1%          1
d - Iskenderun's Mystic   Conj/Tloc      72%        2d15      1%          4
e - Fulminant Prism       Conj/Hex       27%        3d14      3%          4

Your spell library contained the following spells:

 Spells                   Type           Power      Damage    Failure   Level
 Static Discharge         Conj/Air       54%        N/A       1%          2
 Dazzling Flash           Conj/Hex       100%       N/A       1%          3
 Passage of Golubria      Tloc           N/A        N/A       1%          4
 Mephitic Cloud           Conj/Pois/Air  43%        N/A       2%          3
 Corona                   Hex            18%        N/A       4%          1
 Sting                    Tmut/Pois      68%        1d6       4%          1
 Ensorcelled Hibernation  Hex/Ice        34%        N/A       7%          2
 Poisonous Vapours        Pois/Air       34%        N/A       7%          2
 Slow                     Hex            17%        N/A       7%          2
 Fireball                 Conj/Fire      27%        3d12      10%         5
 Lightning Bolt           Conj/Air       27%        1d43      10%         5
 Confusing Touch          Hex            17%        N/A       14%         3
 Ignite Poison            Fire/Tmut/Pois 17%        N/A       14%         3
 Tukima's Dance           Hex            17%        N/A       14%         3
 Bolt of Magma            Conj/Fire/Erth 21%        4d11      22%         5
 Leda's Liquefaction      Hex/Erth       8%         N/A       43%         4
 Olgreb's Toxic Radiance  Pois           17%        N/A       43%         4
 Summon Ice Beast         Ice/Summ       17%        N/A       43%         4
 Conjure Ball Lightning   Conj/Air       27%        3x3d8     47%         6
 Starburst                Conj/Fire      27%        6d9       47%         6
 Alistair's Intoxication  Tmut/Pois      11%        N/A       78%         5
 Summon Mana Viper        Hex/Summ       17%        N/A       78%         5
 Yara's Violent Unravell  Hex/Tmut       8%         3d5       78%         5
 Disjunction              Tloc           33%        N/A       99%         8
 Invisibility             Hex            8%         N/A       100%        6
 Statue Form              Tmut/Erth      11%        N/A       100%        6
 Monstrous Menagerie      Summ           8%         N/A       100%        7
 Discord                  Hex            8%         N/A       100%        8
 Ignition                 Fire           8%         3d5       100%        8
 Maxwell's Capacitive Co  Air            8%         ∞         100%        8


Dungeon Overview and Level Annotations

Branches:
Dungeon (15/15)            Temple (1/1) D:7            Lair (6/6) D:11
 Shoals (1/4) Lair:2       Spider (1/4) Lair:3        Slime (0/5) Lair:5
    Orc (2/2) D:12            Elf (0/3) Orc:2        Vaults (0/5) D:13
 Depths (0/5) D:15          Sewer (visited)           IceCv (visited)

Altars:
Ashenzari
Cheibriados
Dithmenos
Elyvilon
Fedhas
Gozag
Hepliaklqana
Kikubaaqudgha
Makhleb
Nemelex Xobeh
Okawaru
Qazlal
Ru
Sif Muna
Trog
Uskayaw
Vehumet
Wu Jian
Xom
Yredelemnul
Zin
The Shining One

Shops:
D:9 ?(?((   D:11 (!(   D:12 (   Orc:2 =[*=   Shoals:1 (

Portals:
Trove: D:10 (give 13 potions of heal wounds)

Annotations:
Lair:2 exclusion: downstairs
Shoals:1 exclusions: 2 harpies, merfolk javelineer and wind drake
Spider:1 Donald


Innate Abilities, Weirdness & Mutations

You cannot wear most types of armour.
You are amphibious.
You can wear up to eight rings at the same time.
Your skin changes colour to match your surroundings (Stealth+).
Your rubbery body absorbs attacks. (AC +1, EV +1)
((You are camouflaged near water. (Stealth+)))
You have tentacles for arms and can constrict up to eight enemies at once.


Message History

A redback comes into view.
Donald casts a spell.
Donald seems to grow stronger.
The tarantella bites you.
You are confused.
The redback barely misses you. The redback completely misses you.
The tarantella bites you!
There is a crawl-hole back to the Lair, spattered with blood here.
You're too confused to cast spells.
Drop what? 39/52 slots (_ for help) (? for menu, Esc to quit)
Drop what? 39/52 slots (_ for help) (? for menu, Esc to quit)
You don't have any such object.
Drop what? 39/52 slots (_ for help) (? for menu, Esc to quit)
You remove the ring of the Two Names {Wiz Will+ Int+4}.
You feel very sick. The wolf spider closely misses you.
The wolf spider bites you!
You are lethally poisoned!
The wolf spider poisons you! The redback bites you!
The entropy weaver casts a spell at you.
The tarantella bites you. The wolf spider misses you.
The wolf spider completely misses you.
Donald casts a spell.
Donald seems to speed up.
The redback completely misses you.
You drop the ring of the Two Names {Wiz Will+ Int+4}.
You feel less confused.
* * * LOW HITPOINT WARNING * * *
You feel extremely sick.
A hornet comes into view.
The jumping spider leaps!
You block the tarantella's attack. The wolf spider completely misses you.
You riposte.
You barely miss the wolf spider.
The hornet buzzes angrily.
Your grab misses the wolf spider. You block the wolf spider's attack.
A redback comes into view.
The redback barely misses you. The wolf spider hits you!
* * * LOW HITPOINT WARNING * * *
The wolf spider bites you!
* * * LOW HITPOINT WARNING * * *
Donald hits you with a +4 broad axe of venom!!
You die...
Your body crumbles into a pile of gold.

###........
##.#..^....
#^.........
^..s......
........s#####
.....○s$)$...#
......sss...#
.....ss@@s..#
..s...ssss###
....B..s.$#
s..^..s$s.#
.....ss...#
..........#
####.......
...y.....


You could see Donald (fast, strong), an entropy weaver, 2 wolf spiders, 3 orb
spiders, a hornet, 2 jumping spiders, 4 tarantellas and 9 redbacks.

Vanquished Creatures
  A reaper (IceCv)
  The ghost of pkoi the Grappler, a journeyman TrMo of Okawaru (Lair:2)
  A fire dragon (Lair:6)
  A merfolk impaler (Shoals:1)
  Josephine (Shoals:1)
  A vault guard (D:13)
  2 boulder beetles
  9 hydras
  5 centaur warriors
  3 two-headed ogres
  Erica (D:8)
  The ghost of omarspendo the Carver, a novice HOFi of Trog (Lair:1)
  11 death yaks
  A vampire mage (D:15)
  2 skeletal warriors (D:15)
  A sea snake (Shoals:1)
  A spark wasp zombie (D:15)
  3 orc knights
  7 harpies (Shoals:1)
  A lindwurm (Lair:6)
  An orb spider (Spider:1)
  6 ugly things
  An orc sorcerer (D:12)
  Pikel (D:8)
  A cyclops (D:14)
  A necromancer (D:15)
  An oklob plant (Lair:2)
  A merfolk siren (Shoals:1)
  An iron dragon skeleton (D:15)
  4 manticores
  11 black mambas
  9 elephants
  An eye of devastation (Lair:5)
  2 ice statues (IceCv)
  2 gargoyles
  10 cane toads
  3 molten gargoyles (Lair:6)
  Psyche (D:8)
  Maggie (D:7)
  An efreet (D:15)
  An anaconda simulacrum (IceCv)
  A rime drake (Lair:4)
  3 tengu conjurers
  8 ice devils (IceCv)
  13 komodo dragons
  An entropy weaver simulacrum (IceCv)
  5 trolls
  4 jumping spiders
  A polar bear (Lair:2)
  3 slime creatures (D:12)
  A wolf spider simulacrum (D:15)
  9 blink frogs
  A snapping turtle (Shoals:1)
  5 dream sheep (Lair:6)
  3 dire elephant simulacra (IceCv)
  2 spriggans (shapeshifter) (D:15)
  A tarantella (Spider:1)
  4 redbacks (Spider:1)
  8 wyverns
  6 wraiths
  2 shadows (D:11)
  6 basilisks
  48 yaks
  A steam dragon (D:8)
  A human (shapeshifter) (D:14)
  A death yak simulacrum (IceCv)
  4 wargs
  4 swamp worms (Lair:5)
  5 harpy simulacra (IceCv)
  2 tengu zombies (D:15)
  14 water moccasins
  An acid dragon (D:9)
  A floating eye (Lair:5)
  5 hell hounds (Lair:6)
  29 orc warriors
  2 black bears
  11 ogres
  A wolf (D:9)
  An ogre (shapeshifter) (D:13)
  The ghost of rozman the Ruffian, an amateur DrTm (D:3)
  19 centaurs
  2 lemures (D:8)
  A phantom (D:4)
  6 kobold brigands
  10 bullfrogs
  3 gnoll sergeants
  A wyvern zombie (D:9)
  A scorpion (D:6)
  A cane toad simulacrum (IceCv)
  A wyvern skeleton (D:7)
  3 killer bees (D:8)
  17 wights
  4 howler monkeys
  7 electric eels
  4 lava snakes (Lair:6)
  5 hounds
  4 centaur zombies
  4 gnoll shamans
  Crazy Yiuf (D:2)
  13 orc priests
  2 bullfrog skeletons
  Jessica (D:2)
  A centaur skeleton (D:4)
  3 iguanas
  Natasha (thrice) (D:3)
  14 orc wizards
  12 hell rats
  2 killer bee zombies (D:7)
  2 hound skeletons
  Robin (D:2)
  32 gnolls
  4 adders
  A naga simulacrum (IceCv)
  A shadow imp (D:8)
  2 white imps (D:7)
  An ufetubus (IceCv)
  3 worms
  3 dart slugs
  60 orcs
  7 endoplasms
  6 giant cockroaches
  13 goblins
  6 hobgoblins
  8 jackals
  3 quokkas
  11 ball pythons
  10 bats
  3 frilled lizards
  33 kobolds
  5 rats
  A spectral goblin (D:10)
  10 briar patches (Lair:5)
704 creatures vanquished.

Vanquished Creatures (others)
  A centaur warrior (D:15)
  A dancing weapon (Lair:2)
  An orc wizard (Orc:2)
  14 fulminant prisms
  39 fungi
  73 plants
  8 withered plants
137 creatures vanquished.

Grand Total: 841 creatures vanquished

Notes
Turn   | Place    | Note
-------+----------+-------------------------------------------
     0 | D:1      | ZARRMARR the Octopode Conjurer began the quest for the Orb.
     0 | D:1      | Reached XP level 1. HP: 11/11 MP: 3/3
   186 | D:1      | Reached XP level 2. HP: 18/18 MP: 1/5
   390 | D:1      | Reached skill level 1 in Fighting
   560 | D:1      | Reached XP level 3. HP: 23/23 MP: 3/6
   933 | D:2      | Noticed Jessica
   937 | D:2      | Killed Jessica
   938 | D:2      | Reached XP level 4. HP: 27/28 MP: 2/7
   978 | D:2      | Noticed Robin
  1670 | D:2      | Found a faded altar of an unknown god.
  1809 | D:2      | Reached XP level 5. HP: 29/34 MP: 4/9
  1948 | D:2      | Learned a level 2 spell: Searing Ray
  1990 | D:2      | Killed Robin
  2576 | D:2      | Found a runed translucent door.
  2577 | D:2      | Noticed Crazy Yiuf
  2583 | D:2      | Killed Crazy Yiuf
  2840 | D:3      | Found a shadowy altar of Dithmenos.
  2867 | D:3      | Reached XP level 6. HP: 41/41 MP: 6/10
  2867 | D:3      | Found a glowing drain.
  2900 | Sewer    | Entered a sewer
  2956 | Sewer    | Reached skill level 5 in Conjurations
  3343 | Sewer    | Reached XP level 7. HP: 40/46 MP: 2/12
  3949 | D:3      | Found a bloodstained altar of Trog.
  4077 | D:3      | Found a runed translucent gate.
  4077 | D:3      | Found a runed translucent gate.
  4080 | D:3      | Found a runed translucent gate.
  4083 | D:3      | Noticed rozman's ghost (amateur DrTm)
  4331 | D:3      | Noticed Natasha
  4339 | D:3      | Killed Natasha
  4593 | D:3      | Noticed Natasha
  4599 | D:3      | Killed Natasha
  4664 | D:3      | Noticed Natasha
  4668 | D:3      | Killed Natasha
  4754 | D:3      | Found a bloodstained altar of Trog.
  5017 | D:3      | Found a shadowy altar of Dithmenos.
  5330 | D:3      | Killed rozman's ghost
  5805 | D:4      | Reached skill level 1 in Evocations
  5946 | D:4      | Found a broken altar of Ashenzari.
  6023 | D:4      | Reached XP level 8. HP: 54/54 MP: 10/14
  6411 | D:5      | Entered Level 5 of the Dungeon
  6585 | D:5      | Found a stormy altar of Qazlal.
  6941 | D:5      | Reached skill level 5 in Dodging
  7126 | D:5      | You fall into a shaft and drop 2 floors!
  7157 | D:7      | Found a staircase to the Ecumenical Temple.
  7373 | Temple   | Entered the Ecumenical Temple
  8228 | D:6      | Found an ornate altar of the Wu Jian Council.
  8228 | D:6      | Found a glowing silver altar of Zin.
  8587 | D:6      | Reached skill level 5 in Spellcasting
  8669 | D:6      | Reached skill level 5 in Fighting
  8835 | D:6      | Reached XP level 9. HP: 61/61 MP: 16/16
  9421 | D:7      | Found an opulent altar of Gozag.
  9431 | D:7      | Became a worshipper of Gozag Ym Sagoz the Greedy
  9704 | D:7      | Noticed Maggie
 10297 | D:7      | Killed Maggie
 11331 | D:8      | Noticed Erica
 11343 | D:8      | Killed Erica
 11344 | D:8      | Reached skill level 5 in Evocations
 11344 | D:8      | Reached XP level 10. HP: 69/69 MP: 18/19
 11701 | D:8      | Noticed Psyche
 12112 | D:8      | Killed Psyche
 12133 | D:8      | Noticed Pikel
 12146 | D:8      | Killed Pikel
 13007 | D:9      | Found Ragupn's Antique Weapon Shop.
 13207 | D:9      | Found Ceituat's Magic Scroll Shoppe.
 13211 | D:9      | Bought a scroll of magic mapping for 56 gold pieces
 13325 | D:9      | Found Lomopp's Antique Weapon Shop.
 13730 | D:9      | Found Cihobai's Antique Weapon Emporium.
 13803 | D:9      | Found Ycelis's Magic Scroll Boutique.
 14694 | D:9      | Bought a brightly glowing halberd for 225 gold pieces
 14694 | D:9      | Identified the +6 halberd of Urgency {vorpal, rPois Str+3}
                  | (You bought it in a shop on level 9 of the Dungeon)
 14709 | D:10     | Entered Level 10 of the Dungeon
 14716 | D:9      | Bought a faintly glowing long sword for 229 gold pieces
 14716 | D:9      | Identified the +9 long sword of Sloth {speed, rN++} (You
                  | bought it in a shop on level 9 of the Dungeon)
 14730 | D:10     | Noticed a two-headed ogre
 14738 | D:10     | Killed a two-headed ogre
 14739 | D:10     | Reached XP level 11. HP: 75/75 MP: 21/21
 14744 | D:10     | Learned a level 4 spell: Iskenderun's Mystic Blast
 15223 | D:10     | Noticed a +0 dagger
 15224 | D:10     | Noticed a +0 dagger
 15400 | D:10     | Found a hazy altar of Hepliaklqana.
 15628 | D:10     | Found a hide-covered altar of Uskayaw.
 15689 | D:10     | Found a portal to a secret trove of treasure.
 16325 | D:11     | Reached skill level 1 in Translocations
 16441 | D:11     | Found a staircase to the Lair.
 17595 | Lair:1   | Entered Level 1 of the Lair of Beasts
 18414 | Lair:1   | Found a runed translucent door.
 18415 | Lair:1   | Noticed omarspendo's ghost (novice HOFi)
 20679 | Lair:2   | Noticed a four-headed hydra
 21287 | Lair:2   | Noticed an oklob plant
 21355 | Lair:2   | Found a runed translucent door.
 21355 | Lair:2   | Found a shimmering altar of Xom.
 21355 | Lair:2   | Noticed pkoi's ghost (journeyman TrMo)
 21356 | Lair:2   | Identified the +5 quarterstaff of Parts Unknown {chaos,
                  | rN++ Int-4}
 21356 | Lair:2   | Noticed a +5 quarterstaff of Parts Unknown {chaos, rN++
                  | Int-4}
 22398 | Lair:2   | Found a blossoming altar of Fedhas.
 22471 | Lair:2   | Reached XP level 12. HP: 84/84 MP: 24/24
 22525 | Lair:2   | Found a staircase to the Shoals.
 23388 | Lair:2   | Killed a four-headed hydra
 23587 | Lair:2   | Learned a level 4 spell: Fulminant Prism
 24034 | Lair:3   | Found a hole to the Spider Nest.
 24045 | Lair:3   | Noticed a death yak
 24046 | Lair:3   | Noticed a death yak
 24397 | D:12     | Noticed a five-headed hydra
 24602 | D:12     | Found Jeox's Weapon Emporium.
 24639 | D:12     | Found a staircase to the Orcish Mines.
 24723 | D:12     | Noticed a two-headed ogre
 25346 | D:12     | Killed a two-headed ogre
 25410 | D:12     | Killed a five-headed hydra
 25439 | D:12     | Reached skill level 10 in Conjurations
 25774 | Orc:1    | Entered Level 1 of the Orcish Mines
 26161 | D:13     | Noticed a two-headed ogre
 26216 | D:13     | Noticed a centaur warrior
 26225 | D:13     | Killed a centaur warrior
 26652 | D:13     | Noticed a seven-headed hydra
 26663 | D:13     | Killed a seven-headed hydra
 26831 | D:13     | Killed a two-headed ogre
 26832 | D:13     | Reached skill level 5 in Translocations
 26894 | D:13     | Noticed a centaur warrior
 26902 | D:13     | Killed a centaur warrior
 27477 | D:13     | Found a gate to the Vaults.
 27477 | D:13     | Noticed a vault guard
 27836 | D:13     | Reached XP level 13. HP: 41/90 MP: 22/26
 28130 | D:13     | Killed a vault guard
 29749 | D:14     | Reached skill level 10 in Dodging
 31495 | D:15     | Entered Level 15 of the Dungeon
 32348 | D:15     | Identified the ring "Ciha" {rC- Will+ Int+5 Stlth+}
 32380 | D:15     | Found a staircase to the Depths.
 32425 | D:15     | Reached skill level 10 in Fighting
 33350 | D:15     | Reached skill level 10 in Evocations
 34599 | Lair:1   | Killed omarspendo's ghost
 34602 | Lair:1   | Identified the +10 hunting sling "Gollowk" {venom, rCorr
                  | Dex+4}
 35324 | Lair:3   | Reached XP level 14. HP: 81/99 MP: 13/27
 35604 | Lair:3   | Identified the +4 chain mail of Precision Catastrophes
                  | {Contam Rampage rF+ Int+3}
 35649 | Lair:3   | Reached skill level 10 in Spellcasting
 36972 | Lair:2   | Killed pkoi's ghost
 38310 | Lair:4   | Found a shimmering blue altar of Sif Muna.
 39126 | Lair:5   | Found a frozen archway.
 39222 | IceCv    | Entered an ice cave
 40103 | IceCv    | Noticed a reaper
 40113 | IceCv    | Killed a reaper
 40521 | Lair:5   | Paralysed by a floating eye for 2 turns
 40693 | Lair:5   | Found a transporter.
 40713 | Lair:5   | Found a transporter.
 41062 | Lair:5   | Found a staircase to the Slime Pits.
 41255 | Lair:5   | Identified the +2 morningstar of the Ageless Beasts {holy,
                  | rF+ Will- Str+2 Stlth+}
 42907 | Lair:5   | Identified the ring of the Two Names {Wiz Will+ Int+4}
 43044 | D:11     | Bought a potion of heal wounds for 60 gold pieces
 43171 | Lair:6   | Entered Level 6 of the Lair of Beasts
 43391 | Lair:6   | Reached XP level 15. HP: 84/107 MP: 9/29
 45530 | Lair:6   | Found a large runed translucent door.
 45993 | Lair:6   | Found a large runed translucent door.
 47930 | D:12     | Learned a level 1 spell: Apportation
 48056 | Spider:1 | Entered Level 1 of the Spider Nest
 48066 | Spider:1 | Noticed Donald
 48409 | Shoals:1 | Entered Level 1 of the Shoals
 48410 | Shoals:1 | Found Pihikhli's Weapon Shop.
 49941 | Shoals:1 | Noticed Josephine
 49951 | Shoals:1 | Killed Josephine
 50183 | Shoals:1 | HP: 1/106 [merfolk javelineer/silver javelin (8)]
 51792 | Orc:2    | Entered Level 2 of the Orcish Mines
 52501 | Orc:1    | Reached XP level 16. HP: 114/114 MP: 31/31
 53820 | Orc:2    | Found a radiant altar of Vehumet.
 53977 | Orc:2    | Found a staircase to the Elven Halls.
 54353 | Orc:2    | Found Tuof Zuu's General Store.
 54353 | Orc:2    | Found Zeneas's Armour Shop.
 54353 | Orc:2    | Found Cuitatzit's Jewellery Boutique.
 54357 | Orc:2    | Found Qech's Jewellery Emporium.
 54609 | Orc:2    | Bought the +3 warlock's mirror {reflect} for 520 gold
                  | pieces
 54609 | Orc:2    | Found the +3 warlock's mirror {reflect}
 54616 | Orc:2    | Bought the ring of Faobulou {rN+ AC+4} for 708 gold pieces
 54622 | Orc:2    | Bought the amulet "Nuimi" {RegenMP SInv} for 453 gold
                  | pieces
 54839 | Spider:1 | HP: 2/114 [wolf spider (11)]
 54839 | Spider:1 | Demolished by Donald

Illustrated notes

Levels and vault maps discovered:
D:1:      wander_arrival_fairy_ring, layout_rooms, corexii_leaking_fountain
D:2:      layout_rooms, ebering_ecumenical_altar_petrified,
          uniq_crazy_yiuf_cottage, uniq_jessica, uniq_robin
D:3:      layout_basic, overflow_temple_1_default, general_overflow_altar,
          gammafunk_ghost_necromancy, portal_sewer_entry_d,
          corexii_item_surrounded_by_moat, uniq_natasha
D:4:      layout_basic, ashenzari_conservatory_becter
D:5:      layout_gridville, mainiacjoe_overflow_cross_hatched
D:6:      layout_gridville, grunt_temple_overflow_open
D:7:      layout_gridville, nicolae_gozag_cash_rules_everything_around_me,
          minmay_temple_entry_large_hall, uniq_maggie
D:8:      layout_gridville, uniq_erica, uniq_pikel, uniq_psyche
D:9:      layout_cave_pools, serial_gnoll_camp, gnoll_camp_mini_shop,
          gnoll_camp_mini_shop, gnoll_camp_mini_shop, gnoll_camp_huts_basic,
          gnoll_camp_mini_shop, gnoll_camp_mini_hut, nicolae_take_the_stairs
D:10:     layout_basic, nicolae_hepliaklqana_monster_ancestors,
          dancing_weapons_uskayaw, nicolae_trove_entry_isolated
D:11:     layout_basic, dpeg_oklobed_lair, serial_corexii_hall,
          chequers_hall_statues_wall_a, chequers_hall_statues_wall_a,
          chequers_hall_statues_wall_a, chequers_hall_statues_y
D:12:     layout_irregular_city, orc_0_dummy, serial_shops,
          nicolae_stop_n_shop_2
D:13:     layout_cave_pods, david_vaults_5
D:14:     layout_grid_maze, minmay_misc_feat_encased
D:15:     gammafunk_depths_entry_grave, layout_gridville, hangedman_decor_lopped
Temple:   nicolae_temple_god_jail
Lair:1:   layout_regular_city, gammafunk_ghost_grave, serial_bayou_lake_a
Lair:2:   layout_cellular_growth, elwin_shoals_entry_rocks, ebering_ghost_xom,
          lemuel_oklob_altar, infiniplex_staircase_pool_2
Lair:3:   layout_gridlike, spider_nest_entry_rubble
Lair:4:   layout_cave_pods, basic_altar
Lair:5:   gammafunk_worm_tunnel, layout_gridlike, minmay_slime_entry_eyes,
          portal_ice_cave_entry_pillars_1
Lair:6:   cheibrodos_lair_end_hotspot, layout_loops_ring, serial_bayou_shore_a
Shoals:1: layout_shoals, serial_shops, shop_fountains, nzn_prometheus_bound,
          uniq_josephine
Spider:1: layout_spider_delve, beargit_elvish_explorers, uniq_donald
Orc:1:    layout_caves
Orc:2:    st_orc_rangers, layout_caves, basic_altar

Skill      XL: |  1  2  3  4  5  6  7  8  9 10 11 12 13 14 15 |
---------------+----------------------------------------------+-----
Fighting       | 1 2 3 4 5 6 7 8 9 10 11 12 | 12.1
Dodging        | 3 4 5 6 7 8 9 10 11 12 | 12.6
Spellcasting   | 3 4 5 6 7 8 9 10 11 | 11.4
Conjurations   | 5 6 7 8 9 10 11 12 | 12.6
Evocations     | 1 3 5 6 8 9 10 11 12 | 12.3
Translocations | 3 5 7 8 9 |  9.6
Stealth        | |  2.6

Action                   |  1- 3 |  4- 6 |  7- 9 | 10-12 | 13-15 | 16-18 || total
-------------------------+-------+-------+-------+-------+-------+-------++-------
Melee: Short sword       |    10 |    28 |       |       |       |       ||    38
       Tentacles         |     1 |     5 |       |     6 |     6 |       ||    18
       Constrict         |     1 |     9 |       |     2 |     6 |       ||    18
       Whip              |       |       |     2 |       |       |       ||     2
       Long sword        |       |       |       |    21 |    11 |       ||    32
       Staff             |       |       |       |       |    24 |       ||    24
       Halberd           |       |       |       |       |     7 |       ||     7
Throw: Dart              |       |       |     2 |     2 |     1 |       ||     5
 Cast: Magic Dart        |    51 |    82 |   131 |   159 |   232 |    62 ||   717
       Searing Ray       |       |    15 |    80 |   160 |   322 |    27 ||   604
       Iskenderun's Myst |       |       |       |    25 |   245 |     7 ||   277
       Fulminant Prism   |       |       |       |     3 |    11 |       ||    14
Invok: Call Merchant     |       |       |       |       |     3 |       ||     3
Evoke: Wand              |       |       |     7 |    39 |    70 |     5 ||   121
       Lightning rod     |       |       |       |       |     1 |       ||     1
  Use: Scroll            |     2 |     3 |     8 |     8 |    15 |     1 ||    37
       Potion            |       |     1 |     1 |       |     4 |       ||     6
 Stab: Distracted        |       |       |       |       |     2 |       ||     2
Armor: Skin              |     1 |     3 |     3 |     5 |    14 |       ||    26
Dodge: Dodged            |     6 |    35 |    25 |    75 |   271 |    63 ||   475
Block: Other             |       |       |       |       |    68 |    18 ||    86
       Reflection        |       |       |       |       |    17 |    17 ||    34
       Buckler           |       |       |       |       |       |     2 ||     2
       Rpst.: Scimitar   |       |       |       |     3 |       |       ||     3
       Long sword        |       |       |       |     7 |    16 |     1 ||    24
